 Dungeon Crawl Stone Soup version 0.28-a0-384-g9e0c098162 (webtiles) character file.

Game seed: 17537183677615492314

54 lunkers the Ducker (level 4, -1/31 HPs)
             Began as a Djinni Fire Elementalist on Sept 2, 2021.
             Slain by a gnoll (2 damage)
             ... on level 2 of the Dungeon.
             The game lasted 00:03:59 (1978 turns).

lunkers the Ducker (Djinni Fire Elementalist)       Turns: 1978, Time: 00:04:01

Health: -1/31      AC:  3    Str:  7    XL:     4   Next: 12%
Gold:   62         EV: 13    Int: 18    God:
                   SH:  0    Dex: 13

rFire   + + .      SeeInvis .   i - staff of cold
rCold   . . .      Faith    .   (no shield)
rNeg    . . .      Spirit   .   a - +0 robe
rPois   ∞          Reflect  .   j - +0 helmet
rElec   .          Harm     .   (no cloak)
rCorr   .          Rampage  .   (no gloves)
Will    .....                   (boots unavailable)
Stlth   ++........              (no amulet)
HPRegen 0.10/turn               (no ring)
MPRegen 0.00/turn               (no ring)

@: flying
A: sickness immunity, fire resistance 2, cold vulnerability 1, float, innate
caster, hp casting, extra vitality 1
a: no special abilities


You were on level 2 of the Dungeon.
You visited 1 branch of the dungeon, and saw 2 of its levels.

You collected 62 gold pieces.

Inventory:

Armour
 a - a +0 robe (worn)
 j - a +0 helmet (worn)
Magical Staves
 i - a staff of cold (weapon)
Scrolls
 b - a scroll of immolation {unknown}
 d - 2 scrolls of enchant armour {unknown}
 g - a scroll of identify {unknown}
Potions
 c - a potion of ambrosia {unknown}
 e - a potion of attraction {unknown}
 f - a potion of flight {unknown}
 h - a potion of heal wounds {unknown}


   Skills:
 + Level 3.1 Dodging
 + Level 2.4 Stealth
 + Level 2.9 Spellcasting


You couldn't memorise any spells.
You knew the following spells:

 Your Spells              Type           Power      Damage    Failure   Level
a - Foxfire               Conj/Fire      52%        2x1d6     4%          1
b - Scorch                Fire           26%        2d6       8%          2
c - Conjure Flame         Conj/Fire      13%        6-21      16%         3
d - Inner Flame           Hex/Fire       13%        N/A       16%         3
e - Sticky Flame          Conj/Fire      13%        2d4       45%         4
f - Fireball              Conj/Fire      6%         3d5       80%         5
g - Sting                 Tmut/Pois      52%        1d5       4%          1
Your spell library was empty.

Dungeon Overview and Level Annotations

Branches:
Dungeon (2/15)

Altars:

Shops:
D:1 [   D:2 *


Innate Abilities, Weirdness & Mutations

You are immune to sickness and miasma.
You are immune to poison.
Your flesh is very heat resistant. (rF++)
You are vulnerable to cold. (rC-)
You float through the air rather than walking.
You learn spells naturally, not from books.
Your magical power is your life essence.
You have superior vitality. (+4 HP)


Message History

You conjure some foxfire!
A gnoll comes into view. It is wielding a +0 halberd.
Unknown command.
The foxfire hits the gnoll but does no damage.
The gnoll is severely wounded.
Casting: Foxfire (safe; 5% risk of failure)
Confirm with . or Enter, or press ? or * to list all spells.
Flames lash the gnoll.
The gnoll is heavily wounded.
The gnoll's fire resistance burns away.
Unknown command.
Unknown command.
Your foxfire dissipates!
The gnoll is no longer more vulnerable to fire.
Casting: Scorch (safe; 9% risk of failure)
Confirm with . or Enter, or press ? or * to list all spells.
Flames lash the gnoll.
You kill the gnoll!
The gnoll hits you with a +0 flail!
* * * LOW HITPOINT WARNING * * *
Your Dodging skill increases to level 3!
Casting: Scorch (safe; 9% risk of failure)
Confirm with . or Enter, or press ? or * to list all spells.
Flames lash the gnoll.
The gnoll is heavily wounded.
The gnoll's fire resistance burns away.
* * * LOW HITPOINT WARNING * * *
The gnoll hits you with a +0 flail.
* * * LOW HITPOINT WARNING * * *
Casting: Scorch (safe; 9% risk of failure)
Confirm with . or Enter, or press ? or * to list all spells.
Flames lash the gnoll.
The gnoll is burned terribly!
You kill the gnoll!
* * * LOW HITPOINT WARNING * * *
The gnoll closely misses you.
You have reached level 4!
You feel clever.
Unknown command.
The gnoll hits you with a +0 flail.
You die...

######### #.#
#....g... #.# #.#
#.# #)# #.# #.# #.#
#.# #.# #.# #.#
#.###############.#
#..g@.............#
###################


You could see a gnoll.

Vanquished Creatures
  2 gnolls (D:2)
  A worm (D:2)
  A dart slug (D:2)
  2 ball pythons (D:1)
  3 bats
  4 endoplasms
  A giant cockroach (D:1)
  2 goblins (D:2)
  3 hobgoblins
  3 quokkas (D:1)
  3 frilled lizards (D:1)
  4 kobolds
  A rat (D:1)
30 creatures vanquished.

Vanquished Creatures (others)
  102 foxfires
102 creatures vanquished.

Grand Total: 132 creatures vanquished

Notes
Turn   | Place    | Note
-------+----------+-------------------------------------------
     0 | D:1      | lunkers the Djinni Fire Elementalist began the quest for
                  | the Orb.
     0 | D:1      | Reached XP level 1. HP: 15/15 MP: 0/0
   199 | D:1      | Found Todiotut's Armour Emporium.
   209 | D:1      | Reached XP level 2. HP: 14/21 MP: 0/0
  1310 | D:2      | Reached XP level 3. HP: 21/25 MP: 0/0
  1310 | D:2      | Learned a level 1 spell: Sting
  1834 | D:2      | Found Soulemp's Assorted Antiques.
  1972 | D:2      | Reached skill level 3 in Dodging
  1974 | D:2      | Reached XP level 4. HP: 1/31 MP: 0/0
  1978 | D:2      | Slain by a gnoll

Illustrated notes

Levels and vault maps discovered:
D:1:      grunt_arrival_crossed_arrows, layout_loops_ring, serial_shops, shop,
          chequers_serial_rivers_small_3, minmay_split_cup_small
D:2:      layout_basic, serial_shops, shop

Skill      XL: |  1  2  3 |
---------------+----------+-----
Stealth        | 2 |  2.4
Dodging        | 3 |  3.1
Spellcasting   | |  2.9

Action                   |  1- 3 |  4- 6 || total
-------------------------+-------+-------++-------
 Cast: Foxfire           |    60 |       ||    60
       Scorch            |    10 |       ||    10
Dodge: Dodged            |    14 |       ||    14

Table legend: (Time is in decaauts)
 A = Elapsed time spent in this place.
 B = Non-inter-level travel time spent in this place.
 C = Inter-level travel time spent in this place.
 D = Time resting spent in this place.
 E = Time spent auto-exploring this place.
 F = Levels seen in this place.
 G = Mean time per level.
                   A        B        C        D        E       F      G
               +--------+--------+--------+--------+--------+-----+--------+
         Total |   1977 |   1977 |      0 |      0 |   1751 |   2 |  988.5 |
       Dungeon |   1977 |   1977 |      0 |      0 |   1751 |   2 |  988.5 |
               +--------+--------+--------+--------+--------+-----+--------+

Top non-repeatable levels by time:
     D:1: 1206 daAuts
     D:2: 771 daAuts
